[Event "ICC tourney 2594 (40 10)"]
[Site "Internet Chess Club"]
[Date "2021.06.05"]
[Round "3"]
[White "CAREY, MICHAEL P:xyzchessdude"]
[Black "WANG, TED:tedwpnw"]
[Result "1/2-1/2"]
[ICCResult "Game drawn by repetition"]
[WhiteElo "1893"]
[BlackElo "1512"]
[Opening "King's Indian: fianchetto, classical variation, 8.e4"]
[ECO "E68"]
[NIC "KI.64"]
[Time "15:32:35"]
[PlyCount "124"]
[TimeControl "2400+10"]

1. Nf3 Nf6 2. c4 g6 3. g3 Bg7 4. Bg2 O-O 5. O-O d6 6. d4 Nbd7 7. Nc3 e5 8.
e4 exd4 9. Nxd4 c6 10. h3 Re8 11. Re1 Nc5 12. b3 Nfd7 13. Be3 Qa5 14. Qd2
Ne5 15. f4 Ned7 16. Rab1 Qc7 17. Rbd1 Nf6 18. Bf2 Bd7 19. Qc2 Re7 20. b4
Ne6 21. Nf3 Nf8 22. g4 a5 23. a3 Ne6 24. Qc1 Ne8 25. f5 Nf8 26. c5 Be5 27.
Nxe5 dxe5 28. Bf1 Kh8 29. Qh6 Nf6 30. Qh4 Ng8 31. Rd6 Rd8 32. Red1 Ree8 33.
Bc4 Re7 34. Be3 Rde8 35. Bg5 Bc8 36. Bxe7 Rxe7 37. Na4 Bd7 38. Nb6 Be8 39.
f6 Re6 40. Bxe6 Nxe6 41. Rxe6 fxe6 42. Rd6 Qf7 43. g5 h5 44. Qg3 Kh7 45.
Qxe5 Kh8 46. h4 Kh7 47. Nc4 axb4 48. axb4 Ne7 49. Rxe6 Ng8 50. Nd6 Qd7 51.
Kf2 Bf7 52. Nxf7 Qd2+ 53. Kg3 Qe3+ 54. Kh2 Qf2+ 55. Kh3 Qf3+ 56. Qg3 Qh1+
57. Qh2 Qf3+ 58. Qg3 Qh1+ 59. Qh2 Qf3+ 60. Qg3 Qh1+ 61. Qh2 Qf3+ 62. Qg3
Qh1+ { Game drawn by repetition } 1/2-1/2

[Event "ICC tourney 2594 (40 10)"]
[Site "Internet Chess Club"]
[Date "2021.06.05"]
[Round "3"]
[White "KASHYAP, MAHATI B:mnm1"]
[Black "RAVIND G N, RICNESH:RickyCarlsen"]
[Result "0-1"]
[ICCResult "White resigns"]
[WhiteElo "1560"]
[BlackElo "1700"]
[Opening "Scandinavian: Pytel-Wade variation"]
[ECO "B01"]
[NIC "SD.02"]
[Time "15:32:46"]
[PlyCount "125"]
[TimeControl "2400+10"]

1. e4 d5 2. exd5 Qxd5 3. Nc3 Qd6 4. Nf3 Bg4 5. Be2 Nf6 6. d3 c6 7. Bg5 e6
8. Qd2 Qc7 9. Bxf6 gxf6 10. O-O-O h5 11. Kb1 Bh6 12. Qe1 Nd7 13. h3 Bxf3
14. Bxf3 O-O-O 15. Bxh5 Bd2 16. Qxd2 Rxh5 17. Rhe1 Rg8 18. f4 f5 19. Qf2
Kb8 20. Qf3 Rh4 21. Rf1 Nf6 22. Qf2 Rh6 23. Rh1 Nh5 24. Ne2 Rhg6 25. Rdg1
Nf6 26. g3 Qa5 27. Qe3 Ka8 28. a3 Nd5 29. Qc1 Qb6 30. g4 Qf2 31. Qd2 Nxf4
32. Qxf4 Qxe2 33. Rh2 e5 34. Rxe2 exf4 35. Rge1 a6 36. gxf5 Rg5 37. Rf2
Rxf5 38. Ref1 Rh8 39. Rxf4 Rxf4 40. Rxf4 Rxh3 41. Rxf7 Ka7 42. Ka2 Kb6 43.
Kb3 Re3 44. Kc3 a5 45. a4 Ka6 46. b4 Re1 47. bxa5 Ra1 48. Kb4 Rb1+ 49. Kc5
Rb2 50. c4 Kxa5 51. Rf8 Kxa4 52. Ra8+ Kb3 53. Rb8 Kc3 54. Rd8 Rd2 55. Kb6
Rxd3 56. Rxd3+ Kxd3 57. Kxb7 c5 58. Kb6 Kxc4 59. Ka5 Kb3 60. Kb5 c4 61. Kc5
c3 62. Kd4 c2 63. Kd3 { White resigns } 0-1

[Event "ICC tourney 2594 (40 10)"]
[Site "Internet Chess Club"]
[Date "2021.06.05"]
[Round "4"]
[White "SHANMUGAM, MEERA:artistqueen"]
[Black "ATLURI, PRATHIK:ChessStar22"]
[Result "1-0"]
[ICCResult "Black checkmated"]
[WhiteElo "1468"]
[BlackElo "1432"]
[Opening "Caro-Kann: Tartakower (Nimzovich) variation"]
[ECO "B15"]
[NIC "CK.06"]
[Time "17:48:00"]
[PlyCount "105"]
[TimeControl "2400+10"]

1. e4 c6 2. d4 d5 3. Nc3 dxe4 4. Nxe4 Nf6 5. Nxf6+ exf6 6. Nf3 Be7 7. Bd3
Bg4 8. Bf4 Bxf3 9. Qxf3 Qxd4 10. c3 Qd8 11. O-O O-O 12. Rad1 Qb6 13. Qe4 g6
14. Qxe7 Qd8 15. Qxd8 Rxd8 16. Bh6 Nd7 17. Bc4 Ne5 18. Rxd8+ Rxd8 19. Bb3
g5 20. f4 Ng4 21. fxg5 Nxh6 22. gxh6 Rd6 23. Re1 Kf8 24. h3 f5 25. Rf1 Rxh6
26. Rxf5 b5 27. Rxf7+ Ke8 28. Rxa7 Rd6 29. Rxh7 Rd2 30. c4 Rxb2 31. cxb5
cxb5 32. Rb7 b4 33. Rxb4 Rb1+ 34. Kh2 Re1 35. a4 Kd7 36. a5 Ra1 37. Ra4
Rxa4 38. Bxa4+ Kc7 39. h4 Kb7 40. h5 Ka6 41. h6 Kxa5 42. Bc2 Kb5 43. h7 Kc4
44. g4 Kc3 45. g5 Kxc2 46. g6 Kd3 47. g7 Ke4 48. g8=Q Kf5 49. h8=Q Ke4 50.
Qe8+ Kf5 51. Qhf8+ Kg4 52. Qg6+ Kh4 53. Qfh6# { Black checkmated } 1-0

[Event "ICC tourney 2594 (40 10)"]
[Site "Internet Chess Club"]
[Date "2021.06.05"]
[Round "4"]
[White "SULTAN, BASHIR Cisse:muzikmixer"]
[Black "TREY, JUSTIN:Justin-T"]
[Result "1/2-1/2"]
[ICCResult "Game drawn by mutual agreement"]
[WhiteElo "1558"]
[BlackElo "1695"]
[Opening "English: four knights, 4.e3"]
[ECO "A28"]
[NIC "EO.05"]
[Time "17:48:08"]
[PlyCount "70"]
[TimeControl "2400+10"]

1. c4 Nf6 2. Nc3 e5 3. Nf3 Nc6 4. e3 Bb4 5. Qc2 d6 6. Be2 O-O 7. O-O Bxc3
8. bxc3 b6 9. Ng5 h6 10. Ne4 Na5 11. f4 Nxe4 12. Qxe4 Bb7 13. Qf5 exf4 14.
Rxf4 Qg5 15. Qh3 f5 16. Bf3 Bxf3 17. Qxf3 Rae8 18. d3 Kh7 19. Bd2 Rf6 20.
Rf1 g6 21. h4 Qh5 22. Qxh5 gxh5 23. Rxf5 Rxf5 24. Rxf5 Kg6 25. e4 Nc6 26.
Bf4 Ne7 27. Rb5 Rf8 28. Bg3 a6 29. Rb1 Nc6 30. Rf1 Rxf1+ 31. Kxf1 Ne5 32.
Ke2 Ng4 33. Kf3 Kf7 34. d4 Ke6 35. Kf4 c5 { Game drawn by mutual agreement
} 1/2-1/2

[Event "ICC tourney 2594 (40 10)"]
[Site "Internet Chess Club"]
[Date "2021.06.05"]
[Round "4"]
[White "Mehta, Vishal:mehtvi2"]
[Black "MOSS, MARVIN:mmoss2932"]
[Result "1-0"]
[ICCResult "Black resigns"]
[WhiteElo "1899"]
[BlackElo "1614"]
[Opening "Bird's opening"]
[ECO "A03"]
[NIC "VO.07"]
[Time "17:47:56"]
[PlyCount "57"]
[TimeControl "2400+10"]

1. f4 d5 2. Nf3 g6 3. Nc3 Bg7 4. e3 Nh6 5. b3 O-O 6. Bb2 c5 7. Bd3 Nc6 8.
O-O b6 9. a3 Bb7 10. Qe1 e5 11. fxe5 Nxe5 12. Nxe5 Bxe5 13. Nd1 Qe7 14.
Bxe5 Qxe5 15. Nf2 f5 16. Nh3 Nf7 17. Qh4 Rae8 18. Rae1 d4 19. Bc4 Kg7 20.
Bxf7 Rxf7 21. Ng5 Kg8 22. Nxf7 Kxf7 23. Qxh7+ Qg7 24. Qxg7+ Kxg7 25. exd4
Re4 26. d3 Rxe1 27. Rxe1 Kf7 28. dxc5 bxc5 29. Re5 { Black resigns } 1-0

[Event "ICC tourney 2594 (40 10)"]
[Site "Internet Chess Club"]
[Date "2021.06.05"]
[Round "4"]
[White "WEI, ROBERT FANJUN:CaptureFunny"]
[Black "LIAO, CONNOR:che2468"]
[Result "0-1"]
[ICCResult "White checkmated"]
[WhiteElo "750"]
[BlackElo "1398"]
[Opening "Sicilian: classical"]
[ECO "B58"]
[NIC "SI.25"]
[Time "17:48:05"]
[PlyCount "78"]
[TimeControl "2400+10"]

1. e4 c5 2. Nf3 d6 3. d4 cxd4 4. Nxd4 Nf6 5. Nc3 Nc6 6. Be2 Bd7 7. Be3 e6
8. Ndb5 Qb8 9. O-O a6 10. Nd4 Be7 11. f4 O-O 12. Nxc6 bxc6 13. b3 Qb4 14.
Qd3 c5 15. e5 Ne8 16. exd6 Nxd6 17. a3 Qb6 18. b4 Nb5 19. bxc5 Bxc5 20.
Bxc5 Qxc5+ 21. Kh1 Nxc3 22. Rf3 Bb5 23. Qxc3 Qxc3 24. Rxc3 Bxe2 25. a4 Rac8
26. Rg3 Rxc2 27. h3 Rfc8 28. Kh2 R8c3 29. Rb1 g6 30. Rb8+ Kg7 31. Rg5 Rc4
32. Ra5 Ra2 33. Rxa6 Rcxa4 34. Rd6 Rxf4 35. Rb7 Rf2 36. Rdd7 Ba6 37. Ra7
Rxg2+ 38. Kh1 Rh2+ 39. Kg1 Rag2# { White checkmated } 0-1

[Event "ICC tourney 2594 (40 10)"]
[Site "Internet Chess Club"]
[Date "2021.06.05"]
[Round "4"]
[White "AYYAPPAN, SANTHOSH:SanthoshA"]
[Black "DINESH, ABINAV:abi2009"]
[Result "1-0"]
[ICCResult "Black resigns"]
[WhiteElo "1708"]
[BlackElo "1667"]
[Opening "Ruy Lopez: Möller defense"]
[ECO "C78"]
[NIC "RL.12"]
[Time "17:47:54"]
[PlyCount "61"]
[TimeControl "2400+10"]

1. e4 e5 2. Nf3 Nc6 3. Bb5 a6 4. Ba4 Nf6 5. O-O Bc5 6. Bxc6 bxc6 7. Nxe5
O-O 8. d3 h6 9. Nc3 Qe7 10. Nf3 d6 11. Be3 Bxe3 12. fxe3 Bg4 13. Qd2 Nd7
14. Nd4 Ne5 15. h3 Bd7 16. Nf3 Rab8 17. b3 f5 18. exf5 Bxf5 19. e4 Be6 20.
Nxe5 dxe5 21. Kh1 Rf6 22. Ne2 Rbf8 23. Rxf6 Rxf6 24. Qc3 Rf2 25. Qe1 Qh4
26. Kg1 Rxg2+ 27. Kxg2 Qxh3+ 28. Kg1 Bg4 29. Ng3 Bf3 30. Qf2 Qg4 31. Rf1 {
Black resigns } 1-0

[Event "ICC tourney 2594 (40 10)"]
[Site "Internet Chess Club"]
[Date "2021.06.05"]
[Round "4"]
[White "XIAO, MARINA:marinaxiao"]
[Black "ZHANG, FRED:Fredzhang"]
[Result "1/2-1/2"]
[ICCResult "Game drawn by repetition"]
[WhiteElo "1481"]
[BlackElo "1570"]
[Opening "Sicilian"]
[ECO "B56"]
[NIC "SI.25"]
[Time "17:47:57"]
[PlyCount "84"]
[TimeControl "2400+10"]

1. e4 c5 2. Nf3 d6 3. d4 cxd4 4. Nxd4 Nf6 5. Nc3 Nc6 6. Be3 e5 7. Nb3 Be6
8. Be2 Be7 9. O-O O-O 10. h3 h6 11. Kh1 d5 12. exd5 Nxd5 13. Nxd5 Bxd5 14.
Bf3 Bxf3 15. Qxf3 Bf6 16. Rad1 Qc7 17. Bxh6 Qe7 18. Be3 Qc7 19. c3 b6 20.
Nd2 Rad8 21. Ne4 Be7 22. Bg5 f5 23. Rxd8 Nxd8 24. Bxe7 Qxe7 25. Ng3 g6 26.
Re1 e4 27. Qe2 Qc7 28. Qd2 Ne6 29. Qd5 Re8 30. Ne2 Qf7 31. Qc6 Rd8 32. Qb5
Qd7 33. Qe5 a5 34. Kg1 Qd6 35. Qf6 Nf4 36. Qxd6 Nxe2+ 37. Rxe2 Rxd6 38. Kf1
Rd1+ 39. Re1 Rd2 40. Re2 Rd1+ 41. Re1 Rd2 42. Re2 Rd1+ { Game drawn by
repetition } 1/2-1/2

[Event "ICC tourney 2594 (40 10)"]
[Site "Internet Chess Club"]
[Date "2021.06.05"]
[Round "4"]
[White "MISRA, PRAGYAN:SoaringHawk24"]
[Black "CAREY, MICHAEL P:xyzchessdude"]
[Result "1-0"]
[ICCResult "Black resigns"]
[WhiteElo "1513"]
[BlackElo "1893"]
[Opening "Sicilian"]
[ECO "B56"]
[NIC "SI.25"]
[Time "17:47:58"]
[PlyCount "89"]
[TimeControl "2400+10"]

1. e4 c5 2. Nf3 Nc6 3. d4 cxd4 4. Nxd4 Nf6 5. Nc3 d6 6. f3 e5 7. Nb3 Be6 8.
Be3 Be7 9. Qd2 O-O 10. O-O-O a5 11. Kb1 a4 12. Nc1 a3 13. b3 Nb4 14. g4 d5
15. g5 d4 16. gxf6 dxc3 17. Qe1 Bd6 18. fxg7 Re8 19. Bc5 Bxc5 20. Rxd8
Rexd8 21. Nd3 Nxd3 22. Bxd3 Bxb3 23. Qxc3 Bxa2+ 24. Kxa2 Bd4 25. Qb3 b6 26.
Bc4 Ra7 27. Rd1 Rc8 28. Rxd4 exd4 29. Qxb6 Rac7 30. Bd3 Kxg7 31. Qxd4+ Kg8
32. Qb6 Rc3 33. e5 R8c6 34. Qd8+ Kg7 35. Qg5+ Kh8 36. Qh5 Rxc2+ 37. Bxc2
Rxc2+ 38. Kxa3 Kg7 39. Qg5+ Kf8 40. Qf6 Re2 41. f4 Kg8 42. f5 Rxh2 43. e6
fxe6 44. fxe6 Rg2 45. e7 { Black resigns } 1-0

[Event "ICC tourney 2594 (40 10)"]
[Site "Internet Chess Club"]
[Date "2021.06.05"]
[Round "4"]
[White "WANG, KEVIN:Deepbrainfinal"]
[Black "Musku, Himani:Chess121"]
[Result "1-0"]
[ICCResult "Black checkmated"]
[WhiteElo "1448"]
[BlackElo "1469"]
[Opening "French: advance, Paulsen attack"]
[ECO "C02"]
[NIC "FR.03"]
[Time "17:47:58"]
[PlyCount "87"]
[TimeControl "2400+10"]

1. e4 e6 2. d4 d5 3. e5 c5 4. c3 Nc6 5. Nf3 Qb6 6. Be2 Nh6 7. Na3 a6 8. Nc2
Nf5 9. O-O g6 10. b3 Bg7 11. Bb2 Bd7 12. Ne3 Nxe3 13. fxe3 cxd4 14. exd4
Nxe5 15. Nxe5 Bxe5 16. Kh1 Bg7 17. Rf3 O-O 18. Qd2 Qd8 19. Raf1 f5 20. Ba3
Rf7 21. c4 Qh4 22. Bc5 Bc6 23. cxd5 Bxd5 24. R3f2 Rc8 25. Bf3 Bh6 26. Qe2
Bf4 27. g3 Bxg3 28. Rg2 Bc7 29. Bxd5 exd5 30. Qe6 Qd8 31. Rxf5 Qd7 32. Qxd7
Rxd7 33. Rf6 Re8 34. Rgf2 Re1+ 35. Kg2 Re8 36. Kh3 Re3+ 37. Kg2 Re4 38. h3
Re3 39. Bf8 Rg3+ 40. Kf1 Rxh3 41. Kg1 Rg3+ 42. Kf1 Rd3 43. Bh6 Rxd4 44.
Rf8# { Black checkmated } 1-0

[Event "ICC tourney 2594 (40 10)"]
[Site "Internet Chess Club"]
[Date "2021.06.05"]
[Round "4"]
[White "ZHU, RYAN:Ryan123455"]
[Black "JIN, DAVID:smartgoldfish"]
[Result "1-0"]
[ICCResult "Black checkmated"]
[WhiteElo "1739"]
[BlackElo "1461"]
[Opening "Sicilian: dragon, Yugoslav attack, Rauser variation"]
[ECO "B76"]
[NIC "SI.17"]
[Time "17:47:59"]
[PlyCount "53"]
[TimeControl "2400+10"]

1. e4 c5 2. Nf3 d6 3. d4 cxd4 4. Nxd4 Nf6 5. Nc3 g6 6. Be3 Bg7 7. f3 O-O 8.
Qd2 Nc6 9. O-O-O d5 10. Qe1 e5 11. Nxc6 bxc6 12. exd5 cxd5 13. Bc5 Re8 14.
Bb5 Bd7 15. Nxd5 Rc8 16. Nxf6+ Qxf6 17. Bxd7 Rxc5 18. Bxe8 e4 19. Qb4 Qg5+
20. Kb1 Qe5 21. Rd8 h5 22. f4 Qf6 23. Rb8 Rc4 24. Qxc4 Kh7 25. Qxf7 Qd4 26.
Qxg6+ Kg8 27. Bf7# { Black checkmated } 1-0

[Event "ICC tourney 2594 (40 10)"]
[Site "Internet Chess Club"]
[Date "2021.06.05"]
[Round "4"]
[White "LI, EMMA:BulbasaurMaster"]
[Black "CAMPERS, WILLIE:BillietheKid"]
[Result "1-0"]
[ICCResult "Black resigns"]
[WhiteElo "1399"]
[BlackElo "1469"]
[Opening "French: Tarrasch, closed variation"]
[ECO "C05"]
[NIC "FR.14"]
[Time "17:48:00"]
[PlyCount "111"]
[TimeControl "2400+10"]

1. e4 e6 2. d4 d5 3. Nd2 Nf6 4. Bd3 c5 5. c3 Nc6 6. Ngf3 Qb6 7. exd5 exd5
8. dxc5 Bxc5 9. O-O O-O 10. Nb3 Bd6 11. Be3 Qc7 12. Re1 Ng4 13. h3 Bh2+ 14.
Kh1 Nxe3 15. Rxe3 Bf4 16. Re1 Be6 17. g3 Bxg3 18. fxg3 Qxg3 19. Rg1 Qxh3+
20. Nh2 Ne5 21. Be2 d4 22. Qxd4 Ng6 23. Rad1 Rad8 24. Qf2 Bd5+ 25. Bf3
Bxf3+ 26. Qxf3 Qh4 27. Qxb7 Nf4 28. Qe4 Rxd1 29. Rxd1 Qh6 30. Qe3 Qh4 31.
Rd4 g5 32. Nc5 Qh5 33. Nd7 Kg7 34. Nxf8 Kxf8 35. Rd8+ Kg7 36. Qe5+ Kh6 37.
Rd6+ Ng6 38. Qe4 Qh3 39. Qg2 Qh4 40. Kg1 Kg7 41. Qf2 Qe4 42. Nf3 h6 43.
Qd4+ Qxd4+ 44. Nxd4 Nf4 45. Ra6 h5 46. Rxa7 h4 47. Nf3 Kg6 48. c4 h3 49. c5
g4 50. Ne5+ Kf6 51. Nxg4+ Kf5 52. c6 Kxg4 53. c7 Kg3 54. Ra3+ Kh4 55. c8=Q
Ne2+ 56. Kh2 { Black resigns } 1-0

[Event "ICC tourney 2594 (40 10)"]
[Site "Internet Chess Club"]
[Date "2021.06.05"]
[Round "4"]
[White "WU, JONATHAN ZUANXU:wulovechess"]
[Black "EISENMAN, KATHERINE:kgeisenman32"]
[Result "0-1"]
[ICCResult "White resigns"]
[WhiteElo "1588"]
[BlackElo "1522"]
[Opening "Sicilian: Alapin's variation (2.c3)"]
[ECO "B22"]
[NIC "SI.46"]
[Time "17:47:58"]
[PlyCount "56"]
[TimeControl "2400+10"]

1. e4 c5 2. c3 e6 3. d4 d5 4. exd5 exd5 5. Nf3 Nc6 6. Be2 Nf6 7. O-O Be7 8.
Bf4 O-O 9. Na3 a6 10. Nc2 Bf5 11. Bd3 Be4 12. Re1 c4 13. Bxe4 Nxe4 14. Ne5
Nxe5 15. Bxe5 Bd6 16. f3 Nf6 17. Ne3 Re8 18. Nf5 Bxe5 19. dxe5 Nd7 20. f4
Nc5 21. Qg4 g6 22. Re3 Qd7 23. Rg3 Kf8 24. Qg5 Qxf5 25. Qh6+ Ke7 26. Qh4+
Kd7 27. Rg5 Qe6 28. Qxh7 Rh8 { White resigns } 0-1

[Event "ICC tourney 2594 (40 10)"]
[Site "Internet Chess Club"]
[Date "2021.06.05"]
[Round "4"]
[White "GOLI, SRIMAN:awakeflood"]
[Black "WANG, YUANZHE:yogokings12"]
[Result "0-1"]
[ICCResult "White resigns"]
[WhiteElo "1805"]
[BlackElo "1588"]
[Opening "Sicilian: dragon, 6.Be3"]
[ECO "B72"]
[NIC "SI.16"]
[Time "17:48:08"]
[PlyCount "108"]
[TimeControl "2400+10"]

1. e4 c5 2. Nf3 d6 3. d4 cxd4 4. Nxd4 Nf6 5. Nc3 g6 6. Be3 Bg7 7. Bc4 Ng4
8. Bb5+ Kf8 9. Qd2 Nxe3 10. fxe3 Be5 11. O-O-O Kg7 12. Rdf1 Bd7 13. Bc4 Rf8
14. h4 h5 15. Be2 Nc6 16. g4 hxg4 17. h5 Qa5 18. hxg6 fxg6 19. Bc4 Rxf1+
20. Rxf1 Rf8 21. Rxf8 Kxf8 22. Nb3 Qd8 23. Qf2+ Bf6 24. Nd4 Nxd4 25. exd4
Kg7 26. Ne2 Qf8 27. Qe3 e5 28. dxe5 Bxe5 29. Qxa7 Bc6 30. Nd4 Qf4+ 31. Kd1
Qxe4 32. Ne6+ Kf6 33. Qa8 Qf3+ 34. Kd2 Qf2+ 35. Kd3 Qf3+ 36. Kd2 d5 37.
Qh8+ Kxe6 38. Qc8+ Ke7 39. Be2 Qf8 40. Qxg4 Qf4+ 41. Qxf4 Bxf4+ 42. Kc3 Kd6
43. b4 g5 44. b5 Bd7 45. a4 Kc5 46. Kb3 g4 47. a5 g3 48. Bf3 Bxb5 49. c3
Bc6 50. Bg2 Bc7 51. Ka3 Bxa5 52. Kb2 d4 53. cxd4+ Kxd4 54. Bxc6 bxc6 {
White resigns } 0-1

[Event "ICC tourney 2594 (40 10)"]
[Site "Internet Chess Club"]
[Date "2021.06.05"]
[Round "4"]
[White "TREUSDELL, ROSS G:IveDoneEnough"]
[Black "VALE CRUZ, ARMIN:trucker"]
[Result "1-0"]
[ICCResult "Black checkmated"]
[WhiteElo "1682"]
[BlackElo "1727"]
[Opening "KGD: Falkbeer counter-gambit"]
[ECO "C31"]
[NIC "KG.04"]
[Time "17:48:09"]
[PlyCount "73"]
[TimeControl "2400+10"]

1. e4 e5 2. f4 d5 3. exd5 Bc5 4. Qe2 Nf6 5. Qxe5+ Kf8 6. h3 Nxd5 7. Nc3
Qh4+ 8. Kd1 Nxc3+ 9. dxc3 Nd7 10. Qe1 Bf2 11. Qe2 Nf6 12. Nf3 Qg3 13. Be3
Ne4 14. Kc1 Be6 15. Bxf2 Nxf2 16. Rg1 Rd8 17. b3 Qxf4+ 18. Kb2 Ne4 19. Re1
Nd6 20. Nd4 Re8 21. g3 Qf6 22. Qd2 g6 23. Bg2 h5 24. Rgf1 Qd8 25. Rxe6 Kg7
26. Rxe8 Rxe8 27. Qf4 c5 28. Nf3 Re2 29. Nh4 g5 30. Qf3 Qe7 31. Nf5+ Nxf5
32. Qxf5 Rxg2 33. Qf3 Qe2 34. Qxf7+ Kh8 35. Qf8+ Kh7 36. Rf7+ Kg6 37. Qg7#
{ Black checkmated } 1-0

[Event "ICC tourney 2594 (40 10)"]
[Site "Internet Chess Club"]
[Date "2021.06.05"]
[Round "4"]
[White "HEBBAR, ESHAAN:solveur"]
[Black "KUNAMNENI, MEGHANA:msk2018"]
[Result "1/2-1/2"]
[ICCResult "Game drawn by mutual agreement"]
[WhiteElo "1677"]
[BlackElo "1437"]
[Opening "Clemenz (Mead's, Basman's or de Klerk's) opening"]
[ECO "A00"]
[Time "17:47:59"]
[PlyCount "95"]
[TimeControl "2400+10"]

1. h3 e6 2. Nf3 b6 3. e4 Bb7 4. Nc3 Nf6 5. d3 c5 6. e5 Nd5 7. Bg5 Be7 8.
Bxe7 Qxe7 9. Ne4 O-O 10. g3 f6 11. Bg2 Nc6 12. exf6 Nxf6 13. O-O Rab8 14.
Re1 Nxe4 15. dxe4 Rf7 16. Nd2 Qf6 17. f4 Qxb2 18. Nc4 Qc3 19. Nd6 Rf6 20.
Qd3 Qxd3 21. cxd3 Ba6 22. Rad1 Nb4 23. Re3 Nxa2 24. e5 Rff8 25. f5 Nc3 26.
Ra1 Bc8 27. fxe6 dxe6 28. Rxa7 b5 29. Ne4 Nxe4 30. Bxe4 b4 31. Ra5 b3 32.
Re1 Bb7 33. Rxc5 Bxe4 34. dxe4 Rfd8 35. Rc3 b2 36. Rb1 Rd4 37. Rc2 Rxe4 38.
Rcxb2 Rxb2 39. Rxb2 Rxe5 40. Rb7 Kf8 41. Kg2 Rd5 42. Rb6 Kf7 43. Kf3 Rd7
44. h4 Re7 45. Ke4 Kf6 46. g4 h6 47. Rb5 g5 48. h5 { Game drawn by mutual
agreement } 1/2-1/2

[Event "ICC tourney 2594 (40 10)"]
[Site "Internet Chess Club"]
[Date "2021.06.05"]
[Round "4"]
[White "KHAIS, STEVEN:methodX17"]
[Black "SKARIAH, ANUSHKA ELIZABETH:kskariah"]
[Result "1-0"]
[ICCResult "Black checkmated"]
[WhiteElo "1509"]
[BlackElo "1465"]
[Opening "French: exchange variation"]
[ECO "C01"]
[NIC "FR.01"]
[Time "17:47:58"]
[PlyCount "139"]
[TimeControl "2400+10"]

1. e4 e6 2. d4 d5 3. exd5 exd5 4. Nf3 c6 5. c4 Nf6 6. Be2 Bd6 7. O-O O-O 8.
cxd5 Nxd5 9. Nc3 Be6 10. Bg5 f6 11. Bh4 Nd7 12. Ne4 Be7 13. Bg3 Qb6 14. Rb1
Rad8 15. Nd6 c5 16. Nc4 Qc6 17. Rc1 b6 18. Na3 Qb7 19. Nb5 Nb8 20. Nc3 cxd4
21. Nxd5 Bxd5 22. a3 a5 23. Bc4 Bxc4 24. Rxc4 Nc6 25. Qc1 Bc5 26. Rd1 Rd7
27. b4 axb4 28. axb4 Nxb4 29. Qb1 Rfd8 30. Rxb4 Bxb4 31. Qxb4 d3 32. Nd2 b5
33. Nb3 Qc6 34. Nc5 Rd4 35. Qb3+ Kh8 36. Ne6 Qc4 37. Qxc4 bxc4 38. Nxd8
Rxd8 39. Bf4 c3 40. Kf1 c2 41. Ra1 d2 42. Bxd2 h6 43. Ke2 Rc8 44. Kd3 g5
45. Rc1 Kg7 46. Rxc2 Rxc2 47. Kxc2 Kg6 48. Kd3 f5 49. f3 h5 50. Kd4 Kf6 51.
g3 h4 52. gxh4 gxh4 53. Kd5 h3 54. Bf4 Kf7 55. Ke5 Kg6 56. Bg3 Kh6 57. Kxf5
Kh5 58. Bc7 Kh4 59. Ke4 Kg5 60. f4+ Kg6 61. Ke5 Kf7 62. f5 Kg7 63. Ke6 Kf8
64. f6 Kg8 65. Ke7 Kh7 66. f7 Kh6 67. f8=Q+ Kh5 68. Qg8 Kh4 69. Bf4 Kh5 70.
Qg5# { Black checkmated } 1-0

[Event "ICC tourney 2594 (40 10)"]
[Site "Internet Chess Club"]
[Date "2021.06.05"]
[Round "4"]
[White "BRUDNO, STEPHEN:StevChess01"]
[Black "Li, Jingtu Oscar:ZYCON"]
[Result "1/2-1/2"]
[ICCResult "Game drawn because neither player has mating material"]
[WhiteElo "1576"]
[BlackElo "1423"]
[Opening "Neo-Grünfeld defense"]
[ECO "D70"]
[NIC "KI.80"]
[Time "17:47:58"]
[PlyCount "131"]
[TimeControl "2400+10"]

1. d4 Nf6 2. c4 g6 3. f3 d5 4. cxd5 Nxd5 5. e4 Nf6 6. Nc3 Bg7 7. Be3 O-O 8.
Qd2 b6 9. O-O-O Bb7 10. Bc4 Nc6 11. Nge2 Na5 12. Bd3 Rc8 13. Kb1 c5 14.
dxc5 bxc5 15. Na4 c4 16. Bc2 Qxd2 17. Bxd2 Nc6 18. Be3 Rfd8 19. Nc5 Rxd1+
20. Rxd1 Rc7 21. Bf4 e5 22. Be3 Bf8 23. Nxb7 Rxb7 24. Ba4 Nb4 25. Rd8 Kg7
26. Bh6+ Kxh6 27. Rxf8 Nd3 28. b3 Nc5 29. Kc2 cxb3+ 30. Bxb3 Nxb3 31. axb3
Kg7 32. Rc8 Nd7 33. Nc3 Nb6 34. Rd8 Rd7 35. Rxd7 Nxd7 36. Nb5 a6 37. Nc7
Nb8 38. Kc3 Kf6 39. Kc4 Ke7 40. Kc5 Kd7 41. Kb6 a5 42. Nd5 Kd6 43. Kxa5 f5
44. Kb5 Nd7 45. b4 h6 46. Kc4 Kc6 47. Ne7+ Kd6 48. Nxg6 fxe4 49. fxe4 Nf6
50. Kb5 Nxe4 51. Ka6 Kd5 52. b5 Nc5+ 53. Ka7 e4 54. Nf4+ Kd4 55. b6 e3 56.
b7 Nxb7 57. Kxb7 Kc3 58. Kc6 Kd2 59. Kd5 e2 60. Nxe2 Kxe2 61. g4 Kf3 62. h3
Kg3 63. Ke5 Kxh3 64. Kf5 Kg3 65. Kg6 Kxg4 66. Kxh6 { Game drawn because
neither player has mating material } 1/2-1/2

[Event "ICC tourney 2594 (40 10)"]
[Site "Internet Chess Club"]
[Date "2021.06.05"]
[Round "4"]
[White "ZHU, FLORINA:Florina12345"]
[Black "DATTA, GAURAV D:Geebz76"]
[Result "1-0"]
[ICCResult "Black resigns"]
[WhiteElo "1492"]
[BlackElo "1462"]
[Opening "French: Burn variation"]
[ECO "C11"]
[NIC "FR.05"]
[Time "17:48:00"]
[PlyCount "91"]
[TimeControl "2400+10"]

1. e4 e6 2. d4 d5 3. Nc3 Nf6 4. Bg5 dxe4 5. Nxe4 Be7 6. Bxf6 Bxf6 7. c3 O-O
8. Nf3 b6 9. Bd3 Bb7 10. O-O Nd7 11. a4 Qe7 12. b4 c5 13. b5 cxd4 14. Nxd4
Rac8 15. Qd2 Nc5 16. Nxc5 Qxc5 17. Rfc1 Bg5 18. f4 Bf6 19. Qf2 Rfd8 20. Rd1
Qxc3 21. Ne2 Qxa1 22. Rxa1 Bxa1 23. Qe3 Bb2 24. h3 g6 25. Kh2 Rd5 26. Be4
Rd7 27. Bxb7 Rxb7 28. Qb3 Bg7 29. Qa3 Rbc7 30. a5 Rc2 31. axb6 axb6 32. Ng3
Bh6 33. Qe3 R2c3 34. Qf2 R8c4 35. Ne2 Rc2 36. Qf1 Re4 37. Ng1 Bxf4+ 38. Kh1
Rc1 39. Qf3 Rec4 40. g3 R1c3 41. Qa8+ Rc8 42. Qb7 Be3 43. Ne2 R8c7 44. Qb8+
Kg7 45. Nxc3 Rxc3 46. Qe5+ { Black resigns } 1-0

[Event "ICC tourney 2594 (40 10)"]
[Site "Internet Chess Club"]
[Date "2021.06.05"]
[Round "4"]
[White "LAUSER, JESSICA T:Shakhmatova"]
[Black "GRESEN, EVAN MICHAEL:EVMIGR"]
[Result "1-0"]
[ICCResult "Black forfeits on time"]
[WhiteElo "1691"]
[BlackElo "1628"]
[Opening "Danish gambit"]
[ECO "C21"]
[NIC "KP.04"]
[Time "17:48:07"]
[PlyCount "49"]
[TimeControl "2400+10"]

1. e4 e5 2. d4 exd4 3. c3 dxc3 4. Nxc3 Bb4 5. Qd4 Bxc3+ 6. Qxc3 f6 7. Bc4
Ne7 8. Bf4 d6 9. Ne2 Nbc6 10. O-O Bd7 11. Qg3 Ng6 12. Rad1 Qe7 13. Nc3
O-O-O 14. Nd5 Qxe4 15. Bxd6 cxd6 16. Qxd6 Qe5 17. Qc5 Be6 18. Rfe1 Qxb2 19.
Rxe6 Ne5 20. Bb3 Qe2 21. Ne7+ Kc7 22. Rc1 Qe4 23. Nxc6 bxc6 24. Qxa7+ Kc8
25. Re7 { Black forfeits on time } 1-0

[Event "ICC tourney 2594 (40 10)"]
[Site "Internet Chess Club"]
[Date "2021.06.05"]
[Round "4"]
[White "WANG, TED:tedwpnw"]
[Black "VATS, ATIKSH:avats"]
[Result "1-0"]
[ICCResult "Black resigns"]
[WhiteElo "1512"]
[BlackElo "1593"]
[Opening "French: Rubinstein variation"]
[ECO "C10"]
[NIC "FR.07"]
[Time "17:47:58"]
[PlyCount "73"]
[TimeControl "2400+10"]

1. e4 e6 2. d4 d5 3. Nc3 dxe4 4. Nxe4 Nd7 5. Nf3 Ngf6 6. Bd3 b6 7. O-O Be7
8. Ne5 Bb7 9. Ng5 Nxe5 10. dxe5 Nd7 11. Qh5 g6 12. Qh6 Bf8 13. Qh3 Nxe5 14.
Rd1 Nxd3 15. Rxd3 Qf6 16. Be3 h6 17. Bd4 Qxg5 18. Bxh8 Bc5 19. Re1 Qf4 20.
Qg3 Qxg3 21. hxg3 Ke7 22. Bg7 h5 23. Be5 Rc8 24. Red1 Bc6 25. Rc3 Bd5 26.
Rcd3 Bc6 27. c4 f6 28. Bc3 e5 29. b4 Bd6 30. Be1 Kf7 31. b5 Bb7 32. a3 a5
33. a4 Rh8 34. Rxd6 cxd6 35. Rxd6 Ra8 36. Rd7+ Ke6 37. Rxb7 { Black resigns
} 1-0